Map: Ascension to Aiur LE

Players

Maplez - Winner!

  • Race: Protoss Protoss
  • League: Master
  • Spawn Location: 11:00

Flood

  • Race: Zerg Zerg
  • League: Grandmaster
  • Spawn Location: 5:00

VOD

Have the link to the VOD?

Description

Time

  • Played on: Aug. 9, 2017, 10:38 p.m.
  • Length: 12:00
Show
View Real Time Build Order
Export as new Build Order

Maplez Protoss - Winner!

Build Orders: 1 Gate Expand, Oracle Opening, Phoenix Opening 

Get SALT Encoding   

  12  0:01  Probe (Chrono Boost)  
  13  0:11  Probe (Chrono Boost)  
  14  0:17  Pylon  
  14  0:22  Probe (Chrono Boost)  
  16  0:35  Probe (Chrono Boost)  
  16  0:39  Gateway  
  16  0:45  Assimilator  
  16  0:47  Probe (Chrono Boost)  
  17  0:57  Probe (Chrono Boost)  
  18  1:08  Probe (Chrono Boost)  
  19  1:18  Probe (Chrono Boost)  
  19  1:25  Nexus  
  20  1:29  Probe (Chrono Boost)  
  21  1:38  Cybernetics Core  
  21  1:42  Probe (Chrono Boost)  
  21  1:45  Assimilator  
  22  1:51  Pylon  
  22  1:55  Probe (Chrono Boost)  
  23  2:10  Probe (Chrono Boost)  
  23  2:14  Warp Gate, Adept (Chrono Boost)  
  26  2:21  Probe  
  27  2:29  Stargate  
  27  2:33  Probe  
  28  2:38  Adept (Chrono Boost)  
  28  2:39  Probe  
  31  2:45  Probe  
  31  2:50  Probe (Chrono Boost)  
  32  2:57  Pylon  
  33  3:01  Adept  
  35  3:08  Gateway  
  35  3:11  Probe (Chrono Boost)  
  35  3:12  Probe (Chrono Boost)  
  35  3:13  Oracle (Chrono Boost)  
  35  3:19  Gateway  
  38  3:22  Probe  
  38  3:24  Probe  
  40  3:28  Adept  
  42  3:34  Probe  
  42  3:39  Probe  
  44  3:45  Probe, Phoenix (Chrono Boost), Pylon  
  47  3:51  Probe  
  47  3:54  Mothership Core  
  50  4:04  Probe  
  51  4:15  Oracle (Chrono Boost)  
  51  4:16  Probe  
  55  4:17  Probe  
  55  4:21  Nexus  
  55  4:23  Pylon  
  56  4:28  Probe  
  57  4:33  Assimilator, Probe  
  57  4:34  Assimilator  
  58  4:42  Adept x3  
  64  4:47  Probe  
  64  4:48  Probe  
  66  4:55  Robotics Facility  
  66  4:59  Probe  
  67  5:01  Pylon  
  67  5:04  Pylon  
  67  5:09  Twilight Council  
  67  5:10  Forge  
  67  5:13  Probe  
  67  5:14  Probe  
  69  5:24  Probe  
  69  5:26  Probe  
  71  5:31  Probe  
  71  5:34  Probe  
  72  5:37  Sentry x3  
  72  5:38  Probe  
  72  5:40  Assimilator  
  72  5:41  Protoss Ground Weapons Level 1  
  78  5:43  Probe  
  78  5:44  Assimilator, Warp Prism (Chrono Boost)  
  78  5:45  Probe  
  78  5:47  Pylon  
  78  5:48  Charge (Chrono Boost)  
  82  5:50  Probe  
  82  5:55  Probe  
  78  5:59  Probe  
  78  6:02  Probe  
  78  6:07  Probe  
  79  6:13  Gateway  
  79  6:14  Gateway  
  79  6:16  Gateway  
  79  6:17  Probe  
  80  6:20  Templar Archives, Observer  
  80  6:25  Probe x2  
  82  6:29  Probe  
  84  6:37  Probe  
  84  6:38  Probe  
  86  6:40  Gateway  
  86  6:42  Gateway x2, Probe  
  87  6:48  Robotics Facility  
  87  6:49  Probe  
  87  6:52  Probe, Psionic Storm  
  87  6:54  Probe  
  90  6:56  Zealot x3  
  96  7:01  Probe  
  96  7:07  Probe  
  99  7:08  Probe  
  99  7:13  Probe  
  100  7:19  Probe  
  100  7:20  Probe  
  100  7:21  Immortal (Chrono Boost)  
  100  7:23  Protoss Ground Weapons Level 2 (Chrono Boost)  
  100  7:25  Probe  
  101  7:31  Probe  
  102  7:39  Immortal (Chrono Boost)  
  102  7:42  Nexus, Pylon  
  102  7:43  Pylon  
  106  7:46  High Templar  
  108  7:56  Pylon  
  108  7:58  Pylon  
  108  8:00  Pylon x2  
  108  8:02  High Templar x6  
  120  8:06  Pylon  
  120  8:07  Immortal (Chrono Boost)  
  124  8:13  Photon Cannon  
  124  8:14  Photon Cannon  
  124  8:19  Photon Cannon  
  124  8:21  Assimilator  
  124  8:22  Assimilator, Photon Cannon  
  124  8:32  Immortal (Chrono Boost)  
  124  8:33  Probe  
  129  8:39  Photon Cannon  
  129  8:40  High Templar x2, Photon Cannon  
  133  8:42  Photon Cannon  
  131  8:49  Archon  
  131  8:51  High Templar  
  133  8:56  Probe x2  
  133  8:59  Probe  
  133  9:00  Immortal (Chrono Boost)  
  133  9:02  Probe  
  141  9:04  Zealot  
  141  9:08  Probe  
  141  9:09  Immortal (Chrono Boost)  
  146  9:17  High Templar x2, Protoss Ground Weapons Level 3  
  146  9:20  Probe  
  146  9:21  Archon  
  151  9:29  Photon Cannon  
  151  9:32  Photon Cannon  
  151  9:34  Immortal (Chrono Boost)  
  147  9:43  Immortal (Chrono Boost)  
  151  9:53  Zealot x9  
  151  9:56  Probe  
  151  9:58  Probe  
  171  10:01  Probe  
  172  10:08  Immortal (Chrono Boost)  
  172  10:10  Pylon  
  176  10:17  Immortal (Chrono Boost)  
  180  10:24  Zealot  
  174  10:28  Zealot x5  
  174  10:29  Zealot x3  
  174  10:32  Fleet Beacon  
  182  10:42  Immortal (Chrono Boost)  
  176  10:51  Immortal (Chrono Boost)  
  176  10:55  Nexus  
  176  10:56  High Templar x8  
  186  10:57  Assimilator  
  186  11:00  Pylon  
  186  11:01  Pylon  
  186  11:03  Pylon, Archon x2  
  186  11:04  Archon x2  
  186  11:09  Assimilator  
  185  11:14  Pylon  
  195  11:18  Immortal (Chrono Boost)  
  195  11:23  Zealot  
  197  11:33  Photon Cannon  
  197  11:39  Photon Cannon  
  195  11:40  Pylon  
  195  11:42  Photon Cannon  
Show
View Real Time Build Order
Export as new Build Order

Flood Zerg 

Build Orders: Hatch First 

Get SALT Encoding   

  12  0:01  Drone  
  13  0:13  Overlord  
  13  0:18  Drone  
  14  0:33  Drone x2  
  16  0:37  Drone  
  17  0:53  Hatchery  
  17  0:55  Drone  
  17  0:58  Drone  
  18  1:08  Extractor  
  17  1:13  Spawning Pool  
  17  1:16  Drone  
  17  1:19  Drone  
  18  1:31  Drone  
  19  1:41  Overlord  
  19  1:50  Drone  
  20  1:59  Queen  
  22  2:02  Zergling x2  
  22  2:05  Queen, Zergling x2  
  26  2:10  Metabolic Boost  
  26  2:14  Drone  
  27  2:16  Drone  
  28  2:30  Hatchery  
  28  2:36  Drone x2  
  29  2:38  Drone  
  29  2:39  Drone  
  31  2:53  Drone  
  31  2:55  Drone  
  31  2:56  Drone  
  34  3:02  Overlord  
  34  3:15  Overlord  
  34  3:19  Drone x2  
  36  3:21  Evolution Chamber, Overlord  
  36  3:23  Drone x4  
  36  3:25  Spore Crawler  
  36  3:26  Spore Crawler  
  37  3:30  Drone  
  38  3:43  Queen  
  38  3:44  Spore Crawler  
  38  3:46  Zerg Melee Weapons Level 1  
  39  3:49  Zergling x6  
  39  3:51  Zergling x2  
  39  3:55  Zergling x4  
  45  3:56  Zergling x2  
  45  4:01  Zergling x2  
  49  4:07  Drone  
  49  4:09  Drone  
  53  4:16  Overlord  
  53  4:20  Drone x2  
  53  4:22  Drone, Zergling x2  
  53  4:24  Zergling x2  
  56  4:25  Zergling x2  
  56  4:31  Drone, Overlord  
  56  4:33  Drone x2  
  58  4:44  Drone x6  
  60  4:57  Extractor  
  60  4:58  Extractor  
  60  4:59  Drone x2  
  60  5:00  Drone  
  60  5:01  Drone x4  
  60  5:02  Baneling Nest  
  64  5:07  Overlord  
  64  5:09  Lair  
  64  5:11  Drone  
  64  5:14  Overlord  
  65  5:19  Zergling x2  
  63  5:29  Zergling x2  
  63  5:30  Zergling x12  
  63  5:35  Zergling x12  
  64  5:52  Drone x6  
  65  5:57  Drone x2  
  65  6:01  Queen  
  71  6:04  Drone x6  
  71  6:07  Extractor  
  71  6:08  Extractor  
  71  6:09  Hydralisk Den  
  71  6:10  Extractor  
  71  6:14  Drone x3  
  74  6:23  Overlord  
  74  6:24  Centrifical Hooks  
  74  6:25  Zerg Melee Weapons Level 2  
  74  6:27  Zergling x2  
  74  6:28  Zergling x4  
  77  6:36  Baneling  
  77  6:37  Baneling x5  
  77  6:40  Muscular Augments  
  77  6:42  Zergling x14  
  84  6:53  Hatchery  
  83  7:14  Drone x2  
  83  7:15  Hydralisk  
  85  7:16  Hydralisk  
  85  7:18  Overlord x2  
  85  7:20  Overlord x2  
  86  7:24  Hydralisk  
  86  7:27  Baneling  
  86  7:28  Baneling x3  
  88  7:34  Overlord  
  88  7:37  Drone x3  
  88  7:38  Hydralisk, Drone  
  88  7:39  Hydralisk x7  
  88  7:43  Baneling x6  
  88  7:44  Baneling  
  108  7:56  Hydralisk  
  108  7:57  Hydralisk x5  
  120  8:00  Hydralisk  
  122  8:10  Queen  
  124  8:15  Zergling x6  
  124  8:16  Zergling x12  
  133  8:29  Zergling x4  
  133  8:31  Overlord x2  
  133  8:33  Spore Crawler  
  134  8:37  Overlord x2  
  134  8:43  Overlord  
  134  8:55  Overseer x4  
  134  8:57  Overlord  
  134  8:59  Zergling x18  
  134  9:00  Zergling x16  
  134  9:01  Baneling  
  134  9:02  Baneling x6  
  151  9:03  Baneling  
  151  9:04  Baneling x2  
  151  9:05  Baneling  
  151  9:06  Baneling x2  
  151  9:07  Baneling x2  
  151  9:08  Baneling  
  151  9:11  Overlord  
  148  9:24  Hydralisk x6  
  148  9:27  Baneling  
  148  9:28  Baneling x4  
  141  9:40  Baneling x6  
  141  9:41  Baneling x12  
  141  9:42  Zergling x2  
  141  9:43  Zergling x6  
  135  10:03  Hydralisk x5  
  135  10:04  Hydralisk x3  
  151  10:07  Baneling  
  143  10:23  Overlord  
  143  10:24  Drone x2  
  129  10:38  Spire  
  129  10:42  Queen  
  121  10:52  Zergling x2  
  121  10:53  Zergling x36  
  121  10:54  Zergling x6  
  121  10:56  Queen  
  144  10:57  Queen  
  146  11:08  Zergling x8  
  146  11:09  Zergling x2  
  151  11:27  Baneling x11  
  151  11:28  Baneling x28  
  151  11:38  Overlord  
Tags
 
Add a new tag
Caveats
  • Supply blocks, unpowered buildings, or Contaminate may cause inaccurate times.
  • Supply counts are checked every 10 seconds.